 Dungeon Crawl Stone Soup version 0.31-a0-466-g98c9adc2b6 (webtiles) character file.

Game seed: 3930864126108372899

172 GloriousHammer the Shooter (level 5, -7/40 HPs)
             Began as a Draconian Hexslinger on Aug 5, 2023.
             Mangled by a gnoll
             ... wielding a +0 whip
             ... led by a gnoll bouda
              (9 damage)
             ... on level 4 of the Dungeon on Aug 6, 2023.
             The game lasted 00:04:28 (2605 turns).

GloriousHammer the Shooter (Draconian Hexslinger)   Turns: 2605, Time: 00:04:28

Health: -7/40      AC:  5    Str: 16    XL:     5   Next: 27%
Magic:  0/2        EV: 12    Int: 13    God:
Gold:   130        SH:  0    Dex: 16    Spells: 7/8 levels left

rFire   . . .        j - +5 demon whip "Spellbinder" {antimagic, disrupt, Will+}
rCold   . . .        (no shield)
rNeg    . . .        (body armour unavailable)
rPois   .            (helmet restricted)
rElec   .            (no cloak)
rCorr   .            (no gloves)
SInv    .            (no boots)
Will    +....        g - amulet of guardian spirit
Stlth   +            S - +6 ring of strength
HPRegen 0.26/turn    (no ring)
MPRegen 0.08/turn

%: guardian spirit
@: no status effects
A: AC +5, unfitting armour, cold-blooded
a: no special abilities


You were on level 4 of the Dungeon.
You visited 1 branch of the dungeon, and saw 4 of its levels.

You collected 130 gold pieces.

Inventory:

Hand Weapons
 a - a +1 sling
 j - the +5 demon whip "Spellbinder" (weapon) {antimagic, disrupt, Will+}
   (You found it on level 3 of the Dungeon)

   Will:      It increases your willpower.
Missiles
 m - a throwing net
Jewellery
 g - an amulet of guardian spirit (around neck)
 S - a +6 ring of strength (left hand)
Scrolls
 b - a scroll of poison
 c - 4 scrolls of identify {unknown}
 d - a scroll of blinking {unknown}
 e - a scroll of fog {unknown}
 f - a scroll of summoning {unknown}
 i - 3 scrolls of enchant armour {unknown}
 k - 2 scrolls of immolation {unknown}
 l - 3 scrolls of teleportation {unknown}
 p - a scroll of acquirement {unknown}
Potions
 h - 3 potions of curing {unknown}
 n - a potion of ambrosia {unknown}
 o - 2 potions of experience {unknown}
 q - a potion of mutation {unknown}


   Skills:
 - Level 1.1 Fighting
 * Level 4.0 Ranged Weapons
 - Level 1.7 Dodging
 - Level 2.0 Spellcasting
 + Level 3.6 Hexes


You had 7 spell levels left.
You knew the following spells:

 Your Spells              Type           Power      Damage    Failure   Level
a - Slow                  Hex            40%        N/A       5%          1

Your spell library contained the following spells:

 Spells                   Type           Power      Damage    Failure   Level
 Inner Flame              Hex/Fire       6%         N/A       34%         3
 Portal Projectile        Hex/Tloc       12%        N/A       34%         3
 Cause Fear               Hex            5%         N/A       50%         4


Dungeon Overview and Level Annotations

Branches:
Dungeon (4/15)
 Temple: D:4-7

Altars:
Uskayaw

Annotations:
D:2 exclusion: downstairs


Innate Abilities, Weirdness & Mutations

Your plain brown scales are hard. (AC +5)
You cannot fit into any form of body armour.
You are cold-blooded and may be slowed by cold attacks.


Message History

A scorpion is nearby!
You closely miss the scorpion. The scorpion stings you!
The scorpion closely misses you.
You closely miss the scorpion.
Your tail-slap misses the scorpion.
The scorpion stings you but does no damage.
You hit the scorpion.
The scorpion is moderately wounded.
The scorpion closely misses you.
You hit the scorpion.
The scorpion is heavily wounded.
The scorpion barely misses you.
The scorpion stings you but does no damage.
You barely miss the scorpion.
You tail-slap the scorpion, but do no damage.
The scorpion is heavily wounded.
The scorpion stings you.
You completely miss the scorpion.
The scorpion is heavily wounded.
The scorpion closely misses you.
You hit the scorpion. You tail-slap the scorpion.
The scorpion is severely wounded.
The scorpion misses you.
You barely miss the scorpion. You tail-slap the scorpion.
You kill the scorpion!
Your Ranged Weapons skill increases to level 4!
You have reached level 5!
You start resting.
Magic restored.
HP restored.
You see here a scorpion corpse.
q - an inky potion
Found a scale mail.
A gnoll comes into view. It is wielding a +0 club.
A gnoll is nearby!
Unknown command.
You feel magic returning to you.
a - a +1 sling (weapon)
The gnoll shouts!
A gnoll bouda comes into view. It is wielding a +0 club.
You shoot a sling bullet. The gnoll bouda shouts!
The sling bullet hits the gnoll bouda but does no damage.
You hear an angry hiss.
The gnoll bouda barks out a call to the hunt!
The gnoll picks up the pace!
You hear a shout! x2
You shoot a sling bullet.
The sling bullet barely misses the gnoll.
You shoot a sling bullet. The sling bullet hits the gnoll.
The gnoll is moderately wounded.
You shoot a sling bullet. The sling bullet hits the gnoll.
The gnoll is heavily wounded.
The gnoll bouda calls upon its god to heal the gnoll.
The gnoll is healed somewhat.
The gnoll hits you with a +0 club.
A gnoll comes into view. It is wielding a +0 whip.
The gnoll closely misses you.
The gnoll shouts!
You are now empty-handed.
A ball python comes into view.
You feel magic leave you.
j - the +5 demon whip "Spellbinder" (weapon)
{antimagic, disrupt, Will+} You hit the gnoll.
You tail-slap the gnoll, but do no damage.
The gnoll is heavily wounded.
The gnoll bouda calls upon its god to heal the gnoll.
The gnoll is healed somewhat.
A gnoll comes into view. It is wielding a +0 club.
The gnoll hits you with a +0 club.
The gnoll bouda gazes fiercely through you!
You feel your attacks grow feeble.
You hit the gnoll bouda but do no damage.
A gnoll comes into view. It is wielding a +0 heavy halberd.
The gnoll hits you with a +0 club. The gnoll bouda closely misses you.
You closely miss the gnoll.
The gnoll is lightly wounded.
The gnoll barely misses you. The gnoll hits you but does no damage.
The gnoll bouda closely misses you.
The gnoll bouda attacks as you move away!
The gnoll bouda hits you with a +0 club.
The gnoll hits you with a +0 club.
You hit the gnoll.
The gnoll is moderately wounded.
The gnoll misses you. The gnoll hits you with a +0 whip.
The gnoll hits you from afar with a +0 heavy halberd!!
Ouch! That really hurt!
* * * LOW HITPOINT WARNING * * *
The gnoll hits you with a +0 whip.
* * * LOW HITPOINT WARNING * * *
You whack the gnoll!
The gnoll is severely wounded.
Your attacks no longer feel as feeble.
The gnoll hits you with a +0 club.
* * * LOW HITPOINT WARNING * * *
The gnoll barely misses you. The gnoll hits you with a +0 whip.
* * * LOW HITPOINT WARNING * * *
You hit the gnoll. You tail-slap the gnoll.
You kill the gnoll!
The ball python closely misses you. The ball python completely misses you.
The gnoll bouda barely misses you. The gnoll hits you with a +0 whip!
You die...

##............
##.............
#...>..........
#........>....
#.............
#............
#............
###..g).#...
#.gS@####
#..g##
#......g.#
##.........
.#.##.[......
.#. #..........
.# #..........
#..........
...........


You could see a gnoll bouda, 3 gnolls and a ball python.

Vanquished Creatures
  A scorpion (D:4)
  4 gnolls
  2 adders
  3 dart slugs
  4 orcs (D:3)
  7 ball pythons
  5 bats
  5 endoplasms
  A giant cockroach (D:1)
  5 goblins
  5 hobgoblins
  6 kobolds
  3 quokkas
  5 frilled lizards
  6 rats
62 creatures vanquished.

Notes
Turn   | Place    | Note
-------+----------+-------------------------------------------
     0 | D:1      | GloriousHammer the Draconian Hexslinger began the quest for
                  | the Orb.
     0 | D:1      | Reached XP level 1. HP: 16/16 MP: 2/2
    37 | D:1      | Reached skill level 2 in Ranged Weapons
    56 | D:1      | Reached XP level 2. HP: 23/23 MP: 3/3
   641 | D:2      | Reached XP level 3. HP: 28/28 MP: 5/5
  1146 | D:2      | Reached skill level 3 in Ranged Weapons
  1685 | D:3      | Found the +5 demon whip "Spellbinder" {antimagic, disrupt,
                  | Will+}
  1758 | D:3      | Noticed a +0 hand axe
  1770 | D:3      | Noticed a +0 dagger
  1773 | D:3      | Found a hide-covered altar of Uskayaw.
  1785 | D:3      | Reached XP level 4. HP: 35/35 MP: 6/6
  2530 | D:4      | Noticed a scorpion
  2544 | D:4      | Killed a scorpion
  2545 | D:4      | Reached skill level 4 in Ranged Weapons
  2545 | D:4      | Reached XP level 5. HP: 31/40 MP: 1/8
  2604 | D:4      | HP: 2/40 [gnoll/+0 whip[a gnoll bouda] (2)]
  2605 | D:4      | Mangled by a gnoll

Illustrated notes

Levels and vault maps discovered:
D:1:      lightli_arrival_boilingwater, layout_rooms, serial_glass,
          glass_columns_a, glass_columns_c
D:2:      layout_basic, grunt_ministairs_13, minmay_indecisive_spiral
D:3:      layout_loops_ring, dancing_weapons_uskayaw, kennysheep_generic_room_7
D:4:      layout_cave_pools, biasface_ghost_orc_armoury, minmay_joined_circles

Skill      XL: |  1  2  3  4 |
---------------+-------------+-----
Ranged Weapons | 2 3 4 |  4.0
Hexes          | 3 |  3.6
Spellcasting   | 2 |  2.0
Fighting       | |  1.1
Dodging        | |  1.7

Action                     |  1- 3 |  4- 6 || total
---------------------------+-------+-------++-------
  Melee: Demon whip        |       |    33 ||    33
         Tailslap          |       |     5 ||     5
   Fire: Sling             |   143 |    28 ||   171
   Stab: Sleeping          |       |     2 ||     2
 Armour: Skin              |    20 |    12 ||    32
  Dodge: Dodged            |    46 |    50 ||    96

Table legend: (Time is in decaauts)
 A = Elapsed time spent in this place.
 B = Non-inter-level travel time spent in this place.
 C = Inter-level travel time spent in this place.
 D = Time resting spent in this place.
 E = Time spent auto-exploring this place.
 F = Levels seen in this place.
 G = Mean time per level.
                   A        B        C        D        E       F      G
               +--------+--------+--------+--------+--------+-----+--------+
         Total |   2653 |   2524 |    129 |    253 |   1844 |   4 |  663.2 |
       Dungeon |   2653 |   2524 |    129 |    253 |   1844 |   4 |  663.2 |
               +--------+--------+--------+--------+--------+-----+--------+

Top non-repeatable levels by time:
     D:2: 1029 daAuts
     D:3: 894 daAuts
     D:1: 646 daAuts
     D:4: 83 daAuts
